 Dungeon Crawl Stone Soup version 0.30-a0-1160-g6e42c06551 (webtiles) character file.

Game seed: 3873576896177786775

5495 zazu2006 the Tainter (level 10, -4/87 HPs)
             Began as a Naga Hedge Wizard on Apr 27, 2023.
             Was a Believer of Vehumet.
             Slain by a two-headed ogre
             ... wielding a +0 giant spiked club
              (10 damage)
             ... on level 10 of the Dungeon.
             The game lasted 00:17:20 (9487 turns).

zazu2006 the Tainter (Naga Hedge Wizard)            Turns: 9487, Time: 00:17:21

Health: -4/87      AC:  6    Str: 15    XL:     10   Next: 69%
Magic:  14/18      EV: 15    Int: 19    God:    Vehumet [**....]
Gold:   487        SH:  0    Dex: 13    Spells: 11/20 levels left

rFire   . . .        s - +6 rapier "Jeliw" {distort, rN+ Int+2 Dex+3}
rCold   . . .        (no shield)
rNeg    + . .        m - +0 leather armour
rPois   +            c - +0 hat
rElec   .            E - +0 cloak
rCorr   .            (no gloves)
SInv    +            (no barding)
Will    +....        (no amulet)
Stlth   +++          w - +5 ring of evasion
HPRegen 0.34/turn    (no ring)
MPRegen 0.16/turn

%: no passive effects
@: on blink cooldown, very slow
A: AC +3, large, see invisible, deformed body, poison resistance, slowness 2,
spit poison 1, naga tail 1
a: Spit Poison, Renounce Religion


You were on level 10 of the Dungeon.
You worshipped Vehumet.
Vehumet was pleased with you.
You visited 2 branches of the dungeon, and saw 11 of its levels.

You collected 552 gold pieces.
You spent 65 gold pieces at shops.

Inventory:

Hand Weapons
 s - the +6 rapier "Jeliw" (weapon) {distort, rN+ Int+2 Dex+3}
   (You found it on level 4 of the Dungeon)

   Int:       It affects your intelligence (+2).
   Dex:       It affects your dexterity (+3).
   rN:        It protects you from negative energy.
Missiles
 A - a throwing net
Armour
 c - a +0 hat (worn)
 m - a +0 leather armour (worn)
 E - a +0 cloak (worn)
Jewellery
 i - a ring of fire
 u - a ring of fire
 w - a +5 ring of evasion (left hand)
 F - a +5 ring of evasion
 J - a ring of magical power
Wands
 g - a wand of light (14)
 y - a wand of flame (11)
 D - a wand of paralysis (16)
Scrolls
 a - a scroll of immolation {unknown}
 e - a scroll of magic mapping {unknown}
 f - 3 scrolls of vulnerability {unknown}
 h - 3 scrolls of noise
 j - 2 scrolls of amnesia {unknown}
 k - 5 scrolls of enchant armour {unknown}
 o - 13 scrolls of teleportation
 p - 3 scrolls of enchant weapon {unknown}
 r - 3 scrolls of brand weapon {unknown}
 t - 2 scrolls of poison {unknown}
 v - a scroll of blinking {unknown}
 z - a scroll of fog {unknown}
 H - 2 scrolls of butterflies {unknown}
 I - 3 scrolls of identify
 K - a scroll of acquirement {unknown}
Potions
 b - a potion of brilliance
 d - 4 potions of magic
 l - 2 potions of lignification
 n - 5 potions of curing
 q - 3 potions of cancellation {unknown}
 x - 2 potions of mutation {unknown}
 B - 2 potions of ambrosia {unknown}
 C - a potion of haste {unknown}
 G - a potion of heal wounds {unknown}


   Skills:
 + Level 4.8 Fighting
 + Level 7.6 Short Blades
 + Level 3.2 Armour
 + Level 4.0 Dodging
 + Level 7.6 Stealth
 + Level 5.9 Spellcasting
 + Level 4.3 Conjurations
 + Level 1.0 Summonings
 + Level 1.0 Translocations
 + Level 2.9 Air Magic
 + Level 8.2 Poison Magic


You had 11 spell levels left.
You knew the following spells:

 Your Spells              Type           Power      Damage    Failure   Level
a - Magic Dart            Conj           88%        1d7       2%          1
b - Mephitic Cloud        Conj/Pois/Air  25%        N/A       4%          3
c - Stone Arrow           Conj/Erth      26%        3d8       17%         3
d - Blink                 Tloc           18%        N/A       14%         2

Your spell library contained the following spells:

 Spells                   Type           Power      Damage    Failure   Level
 Cigotuvi's Dreadful Rot  Necr/Pois/Air  38%        N/A       4%          2
 Static Discharge         Conj/Air       38%        2-4/arc   4%          2
 Apportation              Tloc           18%        N/A       10%         1
 Summon Small Mammal      Summ           36%        N/A       10%         1
 Necrotise                Necr           20%        1d5       14%         1
 Slow                     Hex            20%        N/A       14%         1
 Call Imp                 Summ           18%        N/A       14%         2
 Vhi's Electric Charge    Tloc/Air       26%        N/A       19%         3
 Call Canine Familiar     Summ           9%         N/A       28%         3
 Summon Guardian Golem    Hex/Summ       7%         N/A       34%         3
 Vampiric Draining        Necr           5%         2d6       38%         3
 Airstrike                Air            8%         2d(2-18)  38%         4
 Summon Lightning Spire   Summ/Air       13%        N/A       52%         4
 Arcjolt                  Conj/Air       9%         1d19      65%         5
 Anguish                  Hex/Necr       2%         N/A       80%         4
 Cause Fear               Hex            2%         N/A       80%         4
 Agony                    Necr           5%         N/A       98%         5
 Plasma Beam              Fire/Air       5%         2x1d17    100%        6
 Enfeeble                 Hex            2%         N/A       100%        7
 Storm Form               Tmut/Air       5%         N/A       100%        7
 Maxwell's Capacitive Co  Air            8%         ∞         100%        8


Dungeon Overview and Level Annotations

Branches:
Dungeon (10/15)            Temple (1/1) D:4
   Lair: D:8-11         Orc: D:9-12

Altars:
Ashenzari
Cheibriados
Dithmenos
Elyvilon
Fedhas
Gozag
Hepliaklqana
Kikubaaqudgha
Makhleb
Nemelex Xobeh
Okawaru
Qazlal
Ru
Sif Muna
Trog
Uskayaw
Vehumet
Wu Jian
Xom
Yredelemnul
Zin
The Shining One

Shops:
D:1 :   D:2 [   D:3 *   D:7 ((

Annotations:
D:7 exclusion: ice statue
Abyss:1 Terence


Innate Abilities, Weirdness & Mutations

Your serpentine skin is tough. (AC +3)
You have supernaturally acute eyesight. (SInv)
Armour fits poorly on your strangely shaped body.
Your system is resistant to poisons. (rPois)
You cover ground very slowly.
You can spit poison.
You have a snake-like lower body.


Message History

Aiming: Mephitic Cloud (dangerous; 4% risk of failure)
Press: ? - help, Shift-Dir - straight line, f/p - two-headed ogre
Aim: a two-headed ogre, wielding a +0 giant spiked club and a +1 great mace of protection (lightly wounded, chance to affect: 53%)
The ball explodes into a vile cloud!
The stinking cloud engulfs the two-headed ogre but does no damage.
The two-headed ogre is lightly wounded.
The two-headed ogre is engulfed in noxious fumes.
The two-headed ogre appears confused.
The two-headed ogre shouts, "What's happening?!"
You have got your breath back.
You barely miss the two-headed ogre.
The two-headed ogre is lightly wounded.
The two-headed ogre seems less confused.
The two-headed ogre hits you with a +0 giant spiked club!!
The two-headed ogre barely misses you.
Casting: Mephitic Cloud (dangerous; 4% risk of failure)
Confirm with . or Enter, or press ? or * to list all spells.
You blink.
You feel stable enough to blink again. The wraith barely misses you.
You hit the wraith but do no damage.
The wraith blinks!
Casting: Blink (safe; 14% risk of failure)
Confirm with . or Enter, or press ? or * to list all spells.
You blink.
The two-headed ogre hits you with a +0 giant spiked club.
The two-headed ogre hits you with a +1 great mace of protection!!
The wraith barely misses you.
The two-headed ogre attacks as you move away!
The two-headed ogre hits you with a +0 giant spiked club!
* * * LOW HITPOINT WARNING * * *
The two-headed ogre hits you with a +1 great mace of protection!!
* * * LOW HITPOINT WARNING * * *
The wraith misses you.
Casting: Blink (safe; 14% risk of failure)
Confirm with . or Enter, or press ? or * to list all spells.
Okay, then.
Okay, then.
The two-headed ogre attacks as you move away!
The two-headed ogre hits you with a +0 giant spiked club!
You die...

####### #.....# .#
##.###O######.#
.......W@.......
.................
..................
.................. .
......................
......................
......................
.....................
.....................


You could see a two-headed ogre and a wraith.

Vanquished Creatures
  Joseph (D:7)
  A kobold demonologist (D:9)
  Grinder (D:3)
  A hornet (D:7)
  A vampire (D:6)
  A wyvern (D:8)
  A steam dragon (D:9)
  Menkaure (D:6)
  A water moccasin (D:5)
  An orc warrior (D:7)
  3 sky beasts
  An ice beast (D:6)
  2 black bears
  3 ogres
  2 centaurs (D:9)
  6 kobold brigands
  A gnoll sergeant (D:8)
  4 scorpions
  6 killer bees
  3 howler monkeys
  10 orc priests
  3 hounds
  A jelly (D:7)
  A gnoll bouda (D:5)
  2 sleepcaps
  Jessica (D:2)
  4 iguanas
  4 orc wizards
  7 gnolls
  7 adders
  A white imp (D:6)
  An ufetubus (D:7)
  6 dart slugs
  5 worms
  25 orcs
  5 bats
  7 endoplasms
  5 giant cockroaches
  4 goblins
  3 hobgoblins
  7 jackals
  2 quokkas
  8 ball pythons
  A frilled lizard (D:1)
  12 kobolds
  4 rats (D:1)
177 creatures vanquished.

Notes
Turn   | Place    | Note
-------+----------+-------------------------------------------
     0 | D:1      | zazu2006 the Naga Hedge Wizard began the quest for the Orb.
     0 | D:1      | Reached XP level 1. HP: 15/15 MP: 4/4
   252 | D:1      | Reached XP level 2. HP: 19/22 MP: 4/6
   809 | D:1      | Reached XP level 3. HP: 28/28 MP: 5/8
  1112 | D:1      | Found Emnaut's Book Boutique.
  1203 | D:1      | Learned a level 3 spell: Mephitic Cloud
  1206 | D:1      | Learned a level 2 spell: Blink
  1749 | D:2      | Reached skill level 1 in Poison Magic
  1749 | D:2      | Reached XP level 4. HP: 37/37 MP: 1/9
  1972 | D:2      | Noticed Jessica
  1976 | D:2      | Killed Jessica
  2037 | D:2      | Found Focsumni's Armour Boutique.
  2594 | D:3      | Found Fihezy's General Store.
  2597 | D:3      | Bought a scroll of identify for 26 gold pieces
  2597 | D:3      | Bought a scroll of teleportation for 39 gold pieces
  2604 | D:3      | Noticed Grinder
  2642 | D:3      | Noticed a black bear
  2648 | D:3      | Killed a black bear
  2649 | D:3      | Reached skill level 1 in Fighting
  2649 | D:3      | Reached skill level 2 in Poison Magic
  2649 | D:3      | Reached XP level 5. HP: 30/44 MP: 4/11
  2883 | D:4      | Identified the +6 rapier "Jeliw" {distort, rN+ Int+2 Dex+3}
  2985 | D:3      | Killed Grinder
  2986 | D:3      | Reached skill level 1 in Short Blades
  2986 | D:3      | Reached skill level 3 in Poison Magic
  2986 | D:3      | Reached XP level 6. HP: 51/51 MP: 11/13
  3272 | D:3      | Found a faded altar of an unknown god.
  3292 | D:3      | Noticed Terence
  3294 | D:3      | Banished Terence
  3295 | D:3      | Reached XP level 7. HP: 57/57 MP: 14/14
  3457 | D:4      | Found a staircase to the Ecumenical Temple.
  3465 | Temple   | Entered the Ecumenical Temple
  3784 | Temple   | Became a worshipper of Vehumet
  3983 | D:4      | Reached skill level 5 in Spellcasting
  4035 | D:4      | Reached skill level 1 in Armour
  4035 | D:4      | Reached skill level 4 in Poison Magic
  4577 | D:5      | Entered Level 5 of the Dungeon
  4659 | D:5      | Reached skill level 5 in Stealth
  4749 | D:5      | Reached XP level 8. HP: 66/67 MP: 15/15
  5307 | D:5      | Reached skill level 5 in Poison Magic
  5323 | D:5      | Reached * piety under Vehumet
  5323 | D:5      | Offered knowledge of Freeze by Vehumet.
  5948 | D:6      | Noticed Menkaure
  5956 | D:6      | Killed Menkaure
  5957 | D:6      | Reached skill level 1 in Air Magic
  5957 | D:6      | Reached skill level 6 in Poison Magic
  5957 | D:6      | Reached XP level 9. HP: 75/75 MP: 11/16
  6112 | D:6      | Reached skill level 5 in Short Blades
  6713 | D:7      | Found Leolomeh's Antique Weapon Emporium.
  6761 | D:7      | Found Arairoed's Weapon Shop.
  6811 | D:7      | Noticed a hornet
  6818 | D:7      | Killed a hornet
  6925 | D:7      | Reached skill level 7 in Poison Magic
  6966 | D:7      | Noticed an ice statue
  7182 | D:7      | Offered knowledge of Shock by Vehumet.
  7237 | D:7      | Reached ** piety under Vehumet
  7516 | D:7      | Noticed Joseph
  7532 | D:7      | Killed Joseph
  7681 | D:7      | Reached XP level 10. HP: 82/85 MP: 18/18
  8380 | D:8      | Noticed an unseen horror
  8387 | D:8      | Banished an unseen horror
  8388 | D:8      | Reached skill level 8 in Poison Magic
  8896 | D:9      | Noticed a kobold demonologist
  8908 | D:9      | Killed a kobold demonologist
  8913 | D:9      | Noticed a kobold demonologist
  8920 | D:9      | Banished a kobold demonologist
  8927 | D:9      | Offered knowledge of Stone Arrow by Vehumet.
  8967 | D:9      | Learned a level 3 spell: Stone Arrow
  9412 | D:10     | Entered Level 10 of the Dungeon
  9444 | D:10     | Found an opulent altar of Gozag.
  9465 | D:10     | Noticed a two-headed ogre
  9487 | D:10     | Slain by a two-headed ogre

Illustrated notes

Levels and vault maps discovered:
D:1:      lemuel_arrival_funnel, layout_basic, serial_shops, shop
D:2:      layout_basic, serial_shops, nicolae_shop_real_fake_doors, uniq_jessica
D:3:      layout_rooms, shapermc_ecumenical_altar_mp_highgroup, serial_shops,
          shop, dk_vineyard_3, serial_bayou_crossing, uniq_grinder, uniq_terence
D:4:      minmay_bubble_buster, layout_loops_ring,
          chequers_serial_rivers_micro_c, hangedman_abyss_or_decor_passed,
          nicolae_wormholes
D:5:      layout_basic, minmay_misc_feat_plants
D:6:      layout_cave_pools, chequers_serial_rivers_large_a, uniq_menkaure
D:7:      lemuel_ice_statue, layout_layer_cave, serial_shops, shop,
          nicolae_shop_waterfront, uniq_joseph
D:8:      layout_loops_ring
D:9:      layout_basic
D:10:     layout_basic, lemuel_tele_altar, hellmonk_guarded_unrand_vines
Temple:   regret_index_temple_sigil_plot

Skill      XL: |  1  2  3  4  5  6  7  8  9 10 |
---------------+-------------------------------+-----
Poison Magic   | 1 2 3 4 6 7 8 |  8.2
Spellcasting   | 4 5 |  5.9
Fighting       | 1 2 3 4 |  4.8
Dodging        | 2 3 4 |  4.0
Conjurations   | 2 3 4 |  4.3
Short Blades   | 1 2 4 6 7 |  7.6
Stealth        | 5 7 |  7.6
Armour         | 1 2 3 |  3.2
Air Magic      | 1 2 |  2.9
Summonings     | |  1.0
Translocations | |  1.0

Action                     |  1- 3 |  4- 6 |  7- 9 | 10-12 || total
---------------------------+-------+-------+-------+-------++-------
  Melee: Dagger            |    29 |       |       |       ||    29
         Short sword       |       |    43 |       |       ||    43
         Punch             |       |     2 |     1 |     2 ||     5
         Rapier            |       |    18 |   224 |   114 ||   356
   Cast: Magic Dart        |    86 |    25 |    16 |       ||   127
         Mephitic Cloud    |       |     1 |    22 |    12 ||    35
         Blink             |       |       |       |     2 ||     2
Ability: Spit Poison       |    14 |     2 |       |     2 ||    18
    Use: Potion            |     2 |       |     1 |       ||     3
         Scroll            |       |     1 |     2 |       ||     3
   Stab: Sleeping          |       |     3 |     7 |       ||    10
         Confused          |       |       |     7 |     3 ||    10
 Armour: Robe              |    13 |     2 |       |       ||    15
         Leather armour    |       |     9 |    23 |    25 ||    57
         Skin              |       |       |     6 |       ||     6
  Dodge: Dodged            |    34 |    34 |   115 |    92 ||   275

Table legend: (Time is in decaauts)
 A = Elapsed time spent in this place.
 B = Non-inter-level travel time spent in this place.
 C = Inter-level travel time spent in this place.
 D = Time resting spent in this place.
 E = Time spent auto-exploring this place.
 F = Levels seen in this place.
 G = Mean time per level.
                   A        B        C        D        E       F      G
               +--------+--------+--------+--------+--------+-----+--------+
         Total |  11917 |  11537 |    380 |    193 |   9672 |  11 | 1083.4 |
       Dungeon |  11438 |  11112 |    326 |    193 |   9304 |  10 | 1143.8 |
        Temple |    478 |    424 |     54 |      0 |    368 |   1 |  478.0 |
               +--------+--------+--------+--------+--------+-----+--------+

Top non-repeatable levels by time:
     D:1: 1883 daAuts
     D:7: 1654 daAuts
     D:5: 1431 daAuts
     D:4: 1184 daAuts
     D:3: 1164 daAuts
     D:6: 1028 daAuts
     D:9: 1016 daAuts
     D:2: 1015 daAuts
     D:8: 958 daAuts
  Temple: 478 daAuts
    D:10: 101 daAuts
